 Dungeon Crawl Stone Soup version 0.24.0-29-g8ce449bc06 (webtiles) character file.

Game seed: 15149981772742089269, levelgen mode: deterministic

16 Matador8 the Cudgeler (level 2, -1/22 HPs)
             Began as a Demonspawn Warper on Nov 15, 2019.
             Slain by a white imp (4 damage)
             ... summoned by Natasha
             ... on level 1 of the Dungeon.
             The game lasted 00:03:44 (1189 turns).

Matador8 the Cudgeler (Demonspawn Warper)           Turns: 1189, Time: 00:03:45

Health: -1/22      AC:  3    Str: 11    XL:     2   Next: 41%
Magic:  5/5        EV: 11    Int: 14    God:
Gold:   44         SH:  0    Dex: 12    Spells: 5/5 levels left

rFire    . . .     SeeInvis .   a - +0 mace
rCold    . . .     Gourm    .   (no shield)
rNeg     . . .     Faith    .   b - +0 leather armour
rPois    .         Spirit   .   (no helmet)
rElec    .         Reflect  .   (no cloak)
rCorr    .         Harm     .   (no gloves)
MR       .....                  (no boots)
Stlth    +.........             (no amulet)
HPRegen  0.07/turn              (no ring)
MPRegen  0.09/turn              (no ring)

@: no status effects
A: demonic guardian 1
a: no special abilities


You were on level 1 of the Dungeon.
You were hungry.

You visited 1 branch of the dungeon, and saw 2 of its levels.

You collected 44 gold pieces.

Inventory:

Hand Weapons
 a - a +0 mace (weapon)
Missiles
 e - 5 boomerangs of dispersal (quivered)
Armour
 b - a +0 leather armour (worn)
 l - a +0 scale mail
Scrolls
 d - a scroll of blinking
 g - 4 scrolls of identify {unknown}
 h - a scroll of random uselessness {unknown}
 i - a scroll of noise {unknown}
Potions
 c - a potion of degeneration {unknown}
 j - a potion of lignification {unknown}
 k - a potion of invisibility {unknown}
Comestibles
 f - 4 rations


   Skills:
 - Level 2.0 Fighting
 + Level 2.7 Maces & Flails
 - Level 1.0 Throwing
 - Level 0.8 Armour
 - Level 1.7 Dodging
 - Level 2.0 Spellcasting
   Level 2.6 Translocations


You had 5 spell levels left.
You didn't know any spells.
Your spell library contained the following spells:

 Spells                   Type           Power        Failure   Level  Hunger
 Blink                    Tloc           N/A          16%         2    ###....
 Shroud of Golubria       Chrm/Tloc      #.....       26%         2    ###....
 Gell's Gravitas          Tloc           #.........   30%         3    ####...
 Lesser Beckoning         Tloc           #.........   30%         3    ####...
 Teleport Other           Tloc           #.......     30%         3    ####...
 Passage of Golubria      Tloc           N/A          71%         4    #####..


Dungeon Overview and Level Annotations

Branches:
Dungeon (2/15)

Altars:

Annotations:
D:1 Natasha


Innate Abilities, Weirdness & Mutations

A weak demonic guardian rushes to your aid.


Message History

Natasha is moderately wounded.
Natasha casts a spell at you. The magic dart hits you!
You hit Natasha but do no damage.
Natasha is moderately wounded.
Natasha claws you. The white imp gestures at you. The puff of frost misses you.
You barely miss Natasha.
Natasha is moderately wounded.
Natasha closely misses you. The white imp barely misses you.
Natasha barely misses you.
You hit Natasha.
Natasha is heavily wounded.
The white imp barely misses you. Natasha claws you!
* * * LOW HITPOINT WARNING * * *
The white imp barely misses you.
Natasha casts a spell.
The white imp hits you.
You die...

####### #.....##
#......# #......#
##......#########
#...>h..........##
#..@5.5##........#
#.....###.....#..#
####.## #.....#..#
#.# #........##
#.# #..)..##..#
#.# #.....#.#.##
#.####.......#..#
#........).......
#########.......#


You could see Natasha, a crimson imp and a white imp.

Vanquished Creatures
  A dart slug (D:1)
  3 bats (D:1)
  A goblin (D:1)
  2 jackals (D:1)
  3 frilled lizards
  4 kobolds (D:1)
  A rat (D:1)
15 creatures vanquished.

Notes
Turn   | Place    | Note
-------+----------+-------------------------------------------
     0 | D:1      | Matador8 the Demonspawn Warper began the quest for the Orb.
     0 | D:1      | Reached XP level 1. HP: 16/16 MP: 3/3
    27 | D:1      | Reached skill level 1 in Throwing
   578 | D:1      | Gained mutation: A weak demonic guardian rushes to your
                  | aid. [demonic ancestry]
   578 | D:1      | Reached XP level 2. HP: 15/22 MP: 5/5
   959 | D:2      | Noticed Natasha
  1182 | D:2      | Noticed a crimson imp
  1189 | D:1      | Slain by a white imp

Levels and vault maps discovered:
D:1:      eino_arrival_water_star, layout_basic, minmay_tree_intersection,
          minmay_tetromino_i4
D:2:      layout_rooms, lemuel_blue_sif_altar, chequers_serial_rivers_marsh,
          grunt_ministairs_8, uniq_natasha, uniq_terence

Skill      XL: |  1 |
---------------+----+-----
Throwing       | 1 |  1.0
Maces & Flails | 2 |  2.7
Fighting       | |  2.0
Armour         | |  0.8
Dodging        | |  1.7
Spellcasting   | |  2.0
Translocations | |  2.6

Action                   || total
-------------------------++-------
Melee: Mace              ||    54
Armor: Leather armour    ||    20
Dodge: Dodged            ||    35
